Map: The Vermillion Problem

Players

raincamp

  • Race: Terran Terran
  • Spawn Location: 11:00

raincamp

  • Race: Terran Terran
  • Spawn Location: 11:00

VOD

Have the link to the VOD?

Description

Time

  • Played on: Aug. 23, 2017, 10:21 a.m.
  • Length: 26:30
Show
View Real Time Build Order
Export as new Build Order

raincamp Terran 

Build Orders:  

Get SALT Encoding   

  12  0:06  SCV  
  13  0:23  SCV  
  13  0:27  Refinery  
  14  0:40  SCV  
  14  0:45  Refinery  
  15  0:57  SCV  
  16  1:10  Barracks  
  16  1:14  SCV  
  17  1:31  SCV  
  18  1:48  Engineering Bay, SCV  
  19  2:05  SCV  
  20  2:22  SCV  
  20  2:23  Factory  
  21  2:39  SCV  
  22  2:55  Command Center  
  22  2:56  SCV  
  23  3:08  Barracks Tech Lab  
  23  3:13  SCV  
  24  3:27  Starport  
  24  3:30  SCV  
  25  3:41  Armory  
  25  3:47  SCV  
  26  3:50  Factory Tech Lab  
  26  3:53  Super Stimpack  
  26  4:04  SCV  
  27  4:25  SCV  
  27  4:28  Starport Tech Lab  
  28  4:36  SCV  
  29  4:42  SCV  
  30  4:53  SCV  
  31  5:07  Elite Marine  
  35  5:21  SCV  
  36  5:38  SCV  
  37  6:14  Refinery  
  37  6:18  SCV x2  
  37  6:19  Refinery  
  38  6:35  SCV x2  
  39  6:52  SCV  
  39  6:56  SCV  
  41  7:09  SCV  
  42  7:13  SCV  
  43  7:30  SCV  
  43  7:31  Elite Marine  
  48  7:47  SCV  
  48  7:49  Terran Infantry Weapons Level 1  
  49  7:50  Terran Vehicle and Ship Weapons Level 1  
  49  7:51  Caduceus Reactor  
  49  7:56  Laser Targeting System  
  49  7:59  Lockdown Missiles  
  49  8:01  Raid Artillery  
  49  8:03  SCV  
  50  8:30  Smart Servos  
  50  8:36  Ghost Visor  
  50  9:07  Raid Liberator  
  56  9:15  Enhanced Manufacturing  
  56  9:20  Ares-Class Targeting System  
  56  9:21  Operational Efficiency  
  56  9:52  Defensive Drone  
  56  10:00  Covert Triage  
  56  10:05  Defensive Drone  
  56  10:25  Defensive Drone  
  55  11:06  Raid Liberator  
  61  11:15  Hellbat Rangers  
  61  11:16  Hellbat Rangers  
  69  12:03  Strike Goliath  
  75  12:10  Griffin Airstrike  
  75  12:21  Defensive Drone  
  74  12:37  Defensive Drone  
  74  12:49  Elite Marine  
  78  12:50  Hellbat Rangers  
  82  13:35  Terran Vehicle and Ship Weapons Level 2, Terran Infantry Weapons Level 2  
  82  13:40  Defensive Drone  
  82  13:57  Tactical Airlift  
  84  14:05  Defensive Drone  
  84  14:09  Strike Goliath  
  88  14:44  Strike Goliath  
  94  15:09  Griffin Airstrike  
  93  15:12  Defensive Drone  
  93  15:26  SCV  
  94  15:43  SCV  
  95  15:57  Defensive Drone  
  95  16:41  Defensive Drone  
  95  16:43  Griffin Airstrike  
  95  17:02  Defensive Drone  
  95  17:47  Griffin Airstrike  
  95  17:53  Defensive Drone  
  94  18:01  Raid Liberator  
  100  18:13  Defensive Drone  
  97  19:21  Defensive Drone  
  97  20:08  Defensive Drone  
  97  20:13  Griffin Airstrike  
  97  20:43  Instant Regeneration  
  96  20:51  Griffin Airstrike  
  96  21:28  Defensive Drone  
  93  21:30  Griffin Airstrike  
  89  22:12  Griffin Airstrike  
  86  22:31  Defensive Drone  
  86  22:36  Raid Liberator  
  86  22:39  Elite Marine  
  96  23:18  Elite Marine  
Show
View Real Time Build Order
Export as new Build Order

raincamp Terran 

Build Orders:  

Get SALT Encoding   

  12  0:42  Supply Depot  
  12  0:57  Supply Depot  
Tags
 
Add a new tag
Caveats
  • Supply blocks, unpowered buildings, or Contaminate may cause inaccurate times.
  • Supply counts are checked every 10 seconds.